Map: 이스트와치 - 래더

Players

TRUE

  • Race: Zerg Zerg
  • Spawn Location: 7:00

Solar - Winner!

  • Race: Zerg Zerg
  • Spawn Location: 1:00

Event: IEM Season 12 - Katowice

VOD

Have the link to the VOD?

Description

Time

  • Played on: March 1, 2018, 3:50 p.m.
  • Length: 8:57

All games in this series

Show
View Real Time Build Order
Export as new Build Order

TRUE Zerg 

Build Orders: Hatch First, Zergling Baneling 

Get SALT Encoding   

  12  0:00  Drone  
  13  0:11  Overlord  
  13  0:16  Drone  
  14  0:30  Drone x2  
  14  0:34  Drone  
  17  0:55  Drone  
  18  0:58  Hatchery  
  18  1:01  Drone  
  18  1:02  Extractor  
  17  1:13  Spawning Pool  
  17  1:16  Drone  
  17  1:20  Drone  
  18  1:27  Drone  
  19  1:38  Overlord  
  19  1:59  Queen  
  19  2:00  Zergling x4  
  23  2:02  Metabolic Boost  
  23  2:09  Queen  
  23  2:10  Drone  
  23  2:12  Drone  
  27  2:21  Drone x2  
  29  2:32  Drone x2  
  29  2:36  Baneling Nest  
  30  2:56  Zergling x6  
  30  2:57  Zergling x2  
  34  3:04  Zergling x4  
  36  3:08  Overlord  
  36  3:23  Zergling x4  
  35  3:27  Baneling x2, Zergling x6  
  35  3:28  Zergling x4  
  36  3:34  Zergling x2  
  36  3:38  Zergling x2  
  35  3:42  Hatchery  
  35  3:43  Zergling x4  
  35  3:52  Zergling x4  
  34  3:57  Queen  
  34  4:02  Zergling x2  
  32  4:10  Zergling x2  
  32  4:11  Baneling x2  
  32  4:12  Baneling x2  
  33  4:20  Baneling x2  
  33  4:23  Zergling x2  
  34  4:27  Zergling x4  
  34  4:28  Zergling x2  
  32  4:37  Zergling x2  
  31  4:40  Queen  
  31  4:45  Zergling x2  
  33  4:46  Baneling x3  
  32  4:56  Drone x2  
  32  4:58  Baneling  
  34  5:05  Zergling x2  
  35  5:09  Zergling x2  
  36  5:16  Zergling x2  
  36  5:18  Drone x3  
  38  5:23  Zergling x2  
  38  5:24  Baneling x2  
  38  5:26  Zergling x2  
  38  5:33  Zergling x2  
  38  5:34  Baneling  
  38  5:48  Overlord  
  36  5:55  Zergling x10  
  36  5:56  Baneling  
  39  5:59  Hatchery  
  39  6:01  Zergling x4  
  39  6:07  Zergling x4  
  39  6:09  Zergling x2  
  42  6:13  Zergling x2  
  42  6:15  Zergling x4  
  45  6:19  Zergling x2  
  45  6:23  Zergling x2  
  47  6:28  Zergling x2  
  47  6:30  Zergling x2  
  47  6:31  Zergling x4  
  44  6:33  Zergling x2  
  44  6:36  Baneling x3  
  44  6:39  Zergling x2  
  43  6:41  Zergling x2  
  43  6:44  Zergling x2  
  43  6:46  Zergling x2  
  40  6:48  Zergling x2  
  40  6:52  Zergling x2  
  32  6:55  Zergling x2  
  30  7:04  Baneling  
  30  7:05  Baneling  
  30  7:07  Zergling x4  
  32  7:13  Zergling x2  
  32  7:14  Zergling x2  
  33  7:18  Baneling x2  
  33  7:23  Zergling x4  
  34  7:34  Baneling  
  34  7:35  Baneling  
  34  7:36  Zergling x4  
  36  7:45  Zergling x2  
  36  7:53  Baneling  
  36  7:54  Zergling x8  
  40  8:00  Baneling  
  40  8:01  Zergling x2  
  40  8:10  Zergling x2  
  40  8:12  Zergling x4  
  39  8:16  Zergling x2  
  34  8:25  Zergling x2  
  34  8:26  Zergling x2  
  36  8:29  Zergling x2  
  36  8:34  Zergling x2  
  29  8:40  Zergling x2  
Show
View Real Time Build Order
Export as new Build Order

Solar Zerg - Winner!

Build Orders: Pool First, Zergling Baneling 

Get SALT Encoding   

  12  0:02  Drone  
  13  0:12  Overlord  
  13  0:17  Drone  
  14  0:31  Drone x2  
  14  0:34  Drone  
  17  0:45  Drone, Extractor  
  17  0:50  Spawning Pool  
  17  0:56  Drone  
  17  1:06  Drone  
  18  1:17  Hatchery  
  17  1:22  Drone  
  18  1:28  Drone  
  19  1:37  Queen  
  21  1:40  Zergling x2  
  21  1:46  Metabolic Boost  
  22  1:53  Overlord  
  22  2:07  Baneling Nest  
  21  2:10  Drone  
  21  2:13  Queen  
  24  2:19  Zergling x2  
  24  2:21  Zergling x2  
  26  2:30  Zergling x2  
  26  2:32  Zergling x2  
  28  2:41  Zergling x2  
  29  2:46  Zergling x8  
  33  2:51  Baneling x2  
  33  2:52  Overlord  
  33  2:57  Zergling x2  
  34  3:02  Zergling x2  
  35  3:10  Zergling x2  
  35  3:12  Zergling x2  
  37  3:13  Baneling  
  37  3:14  Baneling  
  37  3:21  Zergling x2  
  37  3:23  Zergling x2  
  37  3:25  Zergling x2  
  38  3:27  Zergling x2  
  38  3:28  Zergling x2  
  38  3:31  Drone  
  38  3:32  Drone  
  42  3:34  Zergling x2  
  42  3:36  Baneling x2  
  42  3:40  Overlord  
  42  3:43  Drone  
  42  3:54  Drone  
  32  4:00  Zergling x2  
  31  4:05  Zergling x2  
  31  4:06  Zergling x2  
  33  4:10  Zergling x2  
  33  4:14  Baneling  
  33  4:16  Drone  
  35  4:19  Drone  
  35  4:22  Baneling  
  35  4:23  Zergling x2  
  37  4:27  Drone  
  36  4:32  Drone  
  36  4:34  Drone  
  36  4:38  Zergling x2  
  37  4:39  Zergling x2  
  37  4:46  Zergling x2  
  37  4:49  Zergling x2  
  37  4:51  Zergling x2  
  38  4:53  Zergling x2  
  38  4:54  Zergling x2  
  38  4:56  Zergling x2  
  40  5:02  Baneling  
  40  5:03  Drone  
  41  5:07  Drone  
  41  5:08  Drone  
  41  5:10  Drone  
  42  5:18  Zergling x2  
  42  5:20  Zergling x2  
  43  5:21  Zergling x2  
  43  5:23  Zergling x4  
  43  5:24  Zergling x2  
  43  5:27  Baneling  
  45  5:35  Zergling x6  
  44  5:38  Drone, Extractor  
  44  5:43  Drone  
  44  5:44  Lair  
  44  5:47  Drone  
  46  5:53  Baneling  
  46  5:54  Drone, Baneling  
  46  5:57  Drone  
  46  6:02  Drone  
  46  6:03  Drone x3  
  51  6:07  Overlord  
  51  6:13  Overlord  
  52  6:18  Drone, Extractor  
  52  6:19  Drone, Extractor  
  52  6:21  Zergling x2  
  52  6:23  Zergling x2  
  51  6:29  Zergling x2  
  51  6:31  Zergling x2  
  51  6:32  Zergling x2  
  53  6:33  Zergling x2  
  53  6:34  Zergling x2  
  53  6:36  Baneling x2, Zergling x2  
  53  6:39  Zergling x2  
  56  6:40  Zergling x2  
  56  6:42  Zergling x2  
  43  6:54  Drone x2  
  43  6:55  Queen  
  34  7:02  Zergling x6  
  34  7:04  Spine Crawler, Baneling  
  34  7:06  Zergling x2  
  37  7:09  Zergling x2  
  37  7:12  Zergling x2  
  37  7:14  Zergling x2  
  40  7:20  Baneling  
  40  7:21  Baneling x2  
  41  7:22  Zergling x2  
  41  7:23  Baneling  
  41  7:25  Zergling x2  
  41  7:26  Baneling x2  
  42  7:35  Zergling x2  
  43  7:37  Zergling x2  
  43  7:41  Zergling x2  
  43  7:43  Drone  
  43  7:44  Drone  
  46  7:47  Overlord  
  46  7:49  Baneling x2  
  45  7:55  Spire  
  45  7:56  Zergling x2  
  45  7:58  Baneling  
  45  8:03  Zergling x2  
  45  8:04  Zergling x2  
  47  8:10  Zergling x2  
  44  8:13  Baneling x3  
  44  8:15  Zergling x2  
  44  8:17  Zergling x2  
  44  8:18  Baneling x2  
  43  8:21  Zergling x2  
  43  8:23  Zergling x2  
  45  8:28  Zergling x2  
  45  8:29  Zergling x2  
  45  8:31  Zergling x2  
  44  8:36  Zergling x2  
  44  8:39  Baneling x3  
  40  8:42  Drone  
  40  8:45  Drone  

Tags
 
Add a new tag
Caveats
  • Supply blocks, unpowered buildings, or Contaminate may cause inaccurate times.
  • Supply counts are checked every 10 seconds.